 Dungeon Crawl Stone Soup version 0.27-a0-1113-gb2b6fe9c5e (webtiles) character file.

Game seed: 12869854084216190117

1 Gaff the Magician (level 1, 0/15 HPs)
             Began as a Djinni Earth Elementalist on May 1, 2021.
             Slain by an adder zombie (1 damage)
             ... on level 1 of the Dungeon.
             The game lasted 00:00:18 (101 turns).

Gaff the Magician (Djinni Earth Elementalist)        Turns: 101, Time: 00:00:18

Health: 0/15       AC:  2    Str:  7    XL:     1   Next: 20%
Gold:   0          EV: 12    Int: 16    God:
                   SH:  0    Dex: 13

rFire    + + .     SeeInvis .   (no weapon)
rCold    x . .     Faith    .   (no shield)
rNeg     . . .     Spirit   .   c - +0 robe
rPois    ∞         Reflect  .   (no helmet)
rElec    .         Harm     .   (no cloak)
rCorr    .         Rampage  .   (no gloves)
Will     .....                  (boots unavailable)
Stlth    ++........             (no amulet)
HPRegen  0.05/turn              (no ring)
MPRegen  0.00/turn              (no ring)

@: flying
A: fire resistance 2, cold vulnerability 1, float, innate caster, hp casting,
extra vitality 1
a: no special abilities


You were on level 1 of the Dungeon.
You visited 1 branch of the dungeon, and saw 1 of its levels.

Inventory:

Missiles
 b - 27 stones
Armour
 c - a +0 robe (worn)
Potions
 a - a potion of lignification {unknown}


   Skills:
 + Level 2.1 Dodging
 + Level 1.7 Stealth
 + Level 2.6 Spellcasting


You couldn't memorise any spells.
You knew the following spells:

 Your Spells              Type           Power      Damage    Failure   Level
a - Sandblast             Erth           20%        2d7       6%          1
b - Passwall              Tmut/Erth      8%         N/A       10%         2
c - Stone Arrow           Conj/Erth      20%        3d8       19%         3
d - Petrify               Tmut/Erth      10%        N/A       54%         4
e - Lee's Rapid Deconstr  Erth           5%         3d7*      87%         5
Your spell library was empty.

Dungeon Overview and Level Annotations

Branches:
Dungeon (1/15)

Altars:


Innate Abilities, Weirdness & Mutations

You are immune to poison.
Your flesh is very heat resistant. (rF++)
You are vulnerable to cold. (rC-)
You float through the air rather than walking.
You learn spells naturally, not from books.
Your magical power is your life essence.
You have superior vitality. (+4 HP)


Message History

* * * LOW HITPOINT WARNING * * *
You hit the adder zombie.
The adder zombie is moderately damaged.
The adder zombie barely misses you.
You hit the adder zombie.
The adder zombie is moderately damaged.
The adder zombie bites you.
* * * LOW HITPOINT WARNING * * *
You hit the adder zombie but do no damage.
The adder zombie is moderately damaged.
The adder zombie bites you.
* * * LOW HITPOINT WARNING * * *
You hit the adder zombie.
The adder zombie is moderately damaged.
The adder zombie barely misses you.
The adder zombie bites you but does no damage.
You hit the adder zombie but do no damage.
The adder zombie is moderately damaged.
The adder zombie misses you.
You closely miss the adder zombie.
The adder zombie is moderately damaged.
The adder zombie closely misses you.
You closely miss the adder zombie.
The adder zombie is moderately damaged.
The adder zombie misses you.
You hit the adder zombie but do no damage.
The adder zombie is moderately damaged.
The adder zombie closely misses you.
You hit the adder zombie but do no damage.
The adder zombie is moderately damaged.
The adder zombie bites you.
* * * LOW HITPOINT WARNING * * *
Aiming: Sandblast (safe; 6% risk of failure)
Press: ? - help, Q - select action, (/) - cycle Shift-Dir - straight line, f - adder zombie
Aim: an adder zombie (moderately damaged, 79% to hit)
The blast of sand hits the adder zombie!
The adder zombie is severely damaged.
* * * LOW HITPOINT WARNING * * *
The adder zombie bites you.
You die...

###+###
#♣♣.....♣♣#
♣≈.......≈♣
#.8#.........#
##.##...≈♣≈...#
+..''@Z.♣8♣...+
###.##...≈♣≈...#
≈#.8#.........#
8.#♣≈.......≈♣
#.##♣♣.....♣♣#
###'######'###
#8...8##8#'#8##
#.....'.......+
#<...8####8####


You could see an adder zombie.

Vanquished Creatures
  A bat zombie (D:1)
1 creature vanquished.

Notes
Turn   | Place    | Note
-------+----------+-------------------------------------------
     0 | D:1      | Gaff the Djinni Earth Elementalist began the quest for the
                  | Orb.
     0 | D:1      | Reached XP level 1. HP: 15/15 MP: 0/0
   101 | D:1      | Slain by an adder zombie

Illustrated notes

Levels and vault maps discovered:
D:1:      saegor_arrival_fortress, layout_loops_ring,
          shapermc_ecumenical_altar_starsandcircs, minmay_gold_behind_fungi

Action                   || total
-------------------------++-------
Melee: Unarmed           ||    24
 Cast: Sandblast         ||     3
Armor: Robe              ||     9
Dodge: Dodged            ||    26

Table legend: (Time is in decaauts)
 A = Elapsed time spent in this place.
 B = Non-inter-level travel time spent in this place.
 C = Inter-level travel time spent in this place.
 D = Time resting spent in this place.
 E = Time spent auto-exploring this place.
 F = Levels seen in this place.
 G = Mean time per level.
                   A        B        C        D        E       F      G
               +--------+--------+--------+--------+--------+-----+--------+
         Total |    101 |    101 |      0 |     53 |     11 |   1 |  101.0 |
       Dungeon |    101 |    101 |      0 |     53 |     11 |   1 |  101.0 |
               +--------+--------+--------+--------+--------+-----+--------+

Top non-repeatable levels by time:
     D:1: 101 daAuts
